AoeStats
← mihai_flacaul

Arabia

509391410Analyzed
1v1 RM · 7d ago on Sep 26, 2026· 37m 15s· 2 players
Game mode
Random Map
Map size
Tiny (2 player)
Population
200
Speed
Normal
Resources
Standard
Victory
Conquest
Starting age
Dark Age
Ending age
Imperial Age
RankedLock teamsTeams togetherTeam positionsShared explorationLock speedFull tech treeHidden civsTurbo modeCheats
Victory
Defeat
🇷🇴 Varangians · Romania
1428
+16
🇦🇷 Maya · Argentina
1424
-16
Bandolero
0:26 Loom
9:22 Feudal Age
9:56 Double-Bit Axe
20:57 Castle Age
19:18 Fletching
19:23 Gold Mining
20:00 Fletching
20:11 Padded Archer Armor
21:02 Horse Collar
20:57 Crossbowman
21:52 Bodkin Arrow
23:02 Leather Archer Armor
24:31 Wheelbarrow
28:21 Stone Mining
28:46 Town Watch
35:18 Imperial Age
33:18 Bow Saw
34:06 Thumb Ring
34:35 Ballistics
35:22 Hand Cart
37:05 Chemistry
35:50 Arbalester
36:46 Bracer
mihai_flacaul
6:30 Loom
6:38 Loom
9:20 Feudal Age
9:51 Double-Bit Axe
11:33 Horse Collar
17:06 Wheelbarrow
20:38 Castle Age
19:22 Stone Mining
19:24 Gold Mining
21:33 Bow Saw
21:26 Heavy Plow
22:08 Heavy Plow
22:15 Scale Barding Armor
22:20 Forging
22:21 Bloodlines
22:11 Husbandry
27:58 Chain Barding Armor
30:20 Iron Casting
29:54 Husbandry
34:51 Imperial Age
33:31 Stone Shaft Mining
33:18 Hand Cart
36:09 Plate Barding Armor
35:10 Elite Jarl
36:18 Conscription
37:57 Blast Furnace
37:17 Fletching
Connection lost

Rejoining the realm…

Still unreachable

The connection could not be restored.

Session expired

The server has moved on; the page needs a fresh start.